 Dungeon Sprint DCSS version 0.27-a0-277-g024f7ef292 (webtiles) character file.

Game seed: 15716239753565495316

455 mhtbhm the Blocker (level 6, -1/94 HPs)
             Began as a Minotaur Fighter on Feb 6, 2021.
             Was a High Priest of Trog.
             Slain by Sonja
             ... wielding a +1 short sword of distortion
              (7 damage)
             ... in the Dungeon (Sprint VII: "The Pits").
             The game lasted 00:01:07 (616 turns).

mhtbhm the Blocker (Minotaur Fighter)                Turns: 616, Time: 00:01:08

Health: -1/94      AC: 14    Str: 23    XL:     6   Next: 76%
Magic:  5/5        EV:  7    Int:  5    God:    Trog [*****.]
Gold:   0          SH: 11    Dex:  9    Spells: 5/5 levels left

rFire    . . .     SeeInvis .   a - +2 hand axe
rCold    . . .     Faith    .   c - +0 kite shield
rNeg     . . .     Spirit   .   b - +3 chain mail
rPois    .         Reflect  .   (helmet restricted)
rElec    .         Harm     .   (no cloak)
rCorr    .         Rampage  .   (no gloves)
Will     .....     NoTele   +   (no boots)
Stlth    ..........             (no amulet)
HPRegen  0.25/turn              (no ring)
MPRegen  0.09/turn              (no ring)

@: berserking (expiring), very quick
A: retaliatory headbutt, horns 2
a: Renounce Religion, Berserk, Trog's Hand, Brothers in Arms


You were in the Dungeon.
You worshipped Trog.
Trog was extremely pleased with you.
You visited 1 branch

Inventory:

Hand Weapons
 a - a +2 hand axe (weapon)
Armour
 b - a +3 chain mail (worn)
 c - a +0 kite shield (worn)
Scrolls
 j - a scroll of blinking
 l - 3 scrolls of remove curse
 m - a scroll of summoning
Potions
 d - a potion of might
 e - 6 potions of curing
 f - 5 potions of heal wounds
 g - a potion of haste
 h - 4 potions of magic
 i - 3 potions of berserk rage
 k - 2 potions of invisibility


   Skills:
 + Level 9.2 Fighting
 + Level 8.9 Axes
 + Level 9.5 Armour
 + Level 0.5 Dodging
 + Level 9.7 Shields


You had 5 spell levels left.
You didn't know any spells.
Your spell library was empty.

Dungeon Overview and Level Annotations

Branches:
Dungeon (1/1)

Altars:
Cheibriados
Dithmenos
Elyvilon
Fedhas
Gozag
Hepliaklqana
Makhleb
Nemelex Xobeh
Okawaru
Qazlal
Ru
Sif Muna
Trog
Vehumet
Wu Jian
Xom
Yredelemnul
Zin
The Shining One
Beogh
Jiyva
Lugonu

Annotations:
D Sonja


Innate Abilities, Weirdness & Mutations

You reflexively headbutt those who attack you in melee.
You have a pair of horns on your head.


Message History

Sonja plants her feet in a plie.
Sonja gestures wildly while chanting.
Sonja blinks!
Unknown command.
Unknown command.
Sonja shouts, "Hah!
Missed me again!"
There is an open door here.
Unknown command.
You feel a strong urge to attack something.
Unknown command.
Unknown command.
You block Sonja's attack. x2; Sonja hits you but does no damage.
Space bends around you.
* * * LOW HITPOINT WARNING * * *
There is an open door here.
Unknown command.
You miss Sonja.
Sonja is moderately wounded.
Sonja hits you but does no damage. Space bends around you!
You die...

#.#........##.......#
#.#........##.......#
#'###########.......#
#.......# #########
#††#.#..# #.##.##.#
#.......#+#
#.##.##.#.+
#..#.#..#@#
#.......K)#
###########


You could see Sonja.

Vanquished Creatures
  A floating eye (D)
  A centaur (D)
  A phantom (D)
  A crimson imp (D)
  A hound (D)
  2 orc priests (D)
  An iron imp (D)
  An orc wizard (D)
  A river rat (D)
  An ufetubus (D)
  A leopard gecko (D)
  An orc (D)
  A giant cockroach (D)
  2 kobolds (D)
  2 quokkas (D)
  A quokka zombie (D)
19 creatures vanquished.

Notes
Turn   | Place    | Note
-------+----------+-------------------------------------------
     0 | D        | mhtbhm the Minotaur Fighter began the quest for the Orb.
     0 | D        | Reached XP level 1. HP: 19/19 MP: 0/0
    20 | D        | Found a bloodstained altar of Trog.
    20 | D        | Found a shimmering blue altar of Sif Muna.
    20 | D        | Found a viscous altar of Jiyva.
    20 | D        | Found a hazy altar of Hepliaklqana.
    20 | D        | Found an opulent altar of Gozag.
    21 | D        | Found a glowing golden altar of the Shining One.
    21 | D        | Found a glowing silver altar of Zin.
    21 | D        | Found a basalt altar of Yredelemnul.
    21 | D        | Found a shimmering altar of Xom.
    21 | D        | Found an ornate altar of the Wu Jian Council.
    21 | D        | Found a sacrificial altar of Ru.
    21 | D        | Found a stormy altar of Qazlal.
    21 | D        | Found an iron altar of Okawaru.
    21 | D        | Found a sparkling altar of Nemelex Xobeh.
    21 | D        | Found a burning altar of Makhleb.
    21 | D        | Found a blossoming altar of Fedhas.
    21 | D        | Found a white marble altar of Elyvilon.
    21 | D        | Found a shadowy altar of Dithmenos.
    21 | D        | Found a snail-covered altar of Cheibriados.
    24 | D        | Found a corrupted altar of Lugonu.
    24 | D        | Found a radiant altar of Vehumet.
    24 | D        | Found a roughly hewn altar of Beogh.
    27 | D        | Became a worshipper of Trog the Wrathful
   143 | D        | Reached * piety under Trog
   144 | D        | Reached XP level 2. HP: 28/28 MP: 1/1
   247 | D        | Noticed a floating eye
   250 | D        | Paralysed by a floating eye for 3 turns
   258 | D        | Reached ** piety under Trog
   259 | D        | Reached skill level 5 in Fighting
   259 | D        | Reached skill level 5 in Armour
   259 | D        | Reached skill level 5 in Shields
   260 | D        | Reached XP level 3. HP: 35/37 MP: 2/2
   261 | D        | Killed a floating eye
   262 | D        | Reached skill level 5 in Axes
   262 | D        | Reached XP level 4. HP: 45/47 MP: 3/3
   262 | D        | Reached XP level 5. HP: 50/52 MP: 4/4
   262 | D        | Reached *** piety under Trog
   489 | D        | Noticed a phantom
   494 | D        | Reached **** piety under Trog
   501 | D        | Reached XP level 6. HP: 62/62 MP: 5/5
   603 | D        | Reached ***** piety under Trog
   605 | D        | Noticed Sonja
   616 | D        | Slain by Sonja

Illustrated notes

Levels and vault maps discovered:
D:        pitsprint [storerooms_1, entrance_room_1, metal_vault_1, armoury_1,
          mini_pit_1, grid_room_1, main_hall_1, silver_pit, the_coven_3,
          the_vestibule_1, steel_vault_5, golden_pit, hallway_of_sentries,
          crystal_vault_1, iron_vault_5, final_vault]

Skill      XL: |  1  2  3  4  5  6 |
---------------+-------------------+-----
Fighting       | 4 5 7 8 9 |  9.2
Armour         | 4 5 7 8 9 |  9.5
Shields        | 4 5 7 8 9 |  9.7
Axes           | 3 4 5 7 8 |  8.9
Dodging        | |  0.5

Action                   |  1- 3 |  4- 6 || total
-------------------------+-------+-------++-------
Melee: Hand axe          |    17 |    45 ||    62
       Headbutt          |     2 |     7 ||     9
Invok: Berserk           |     1 |     2 ||     3
  Use: Potion            |       |     1 ||     1
Armor: Scale mail        |     3 |     3 ||     6
       Chain mail        |       |    34 ||    34
Dodge: Dodged            |     4 |     9 ||    13
Block: Kite shield       |     5 |    42 ||    47

Table legend: (Time is in decaauts)
 A = Elapsed time spent in this place.
 B = Non-inter-level travel time spent in this place.
 C = Inter-level travel time spent in this place.
 D = Time resting spent in this place.
 E = Time spent auto-exploring this place.
 F = Levels seen in this place.
 G = Mean time per level.
                   A        B        C        D        E       F      G
               +--------+--------+--------+--------+--------+-----+--------+
         Total |    641 |    641 |      0 |    391 |     32 |   1 |  641.0 |
       Dungeon |    641 |    641 |      0 |    391 |     32 |   1 |  641.0 |
               +--------+--------+--------+--------+--------+-----+--------+

Top non-repeatable levels by time:
       D: 641 daAuts
